 Dungeon Crawl Stone Soup version 0.17-a0-2007-g96ac4c4 (webtiles) character file.

3813 Ordine the Fighter (level 10, -5/69 HPs)
             Began as an Octopode Fighter on Oct 9, 2015.
             Was an Initiate of Dithmenos.
             Killed by divine providence
             ... invoked by an orc priest
              (11 damage)
             ... on level 9 of the Dungeon.
             The game lasted 00:32:02 (8566 turns).

Ordine the Fighter (Octopode Fighter)               Turns: 8566, Time: 00:32:02

Health: -5/69      AC:  5    Str: 22    XL:     10   Next: 17%
Magic:  10/10      EV: 14    Int: 10    God:    Dithmenos [......]
Gold:   208        SH: 10    Dex: 14    Spells: 0 memorised, 9 levels left

rFire  . . .     SeeInvis .     x - +2 scimitar (elec)
rCold  + . .     Clarity  .     b - +1 shield
rNeg   . . .     SustAt   .     (helmet restricted)
rPois  .         Gourm    .     (no amulet)
rElec  .         Spirit   .     r - +3 ring of evasion
rCorr  .         Warding  .     j - ring of flight
rMut   .         Stasis   .     l - ring of protection from cold
MR     .....                    (no ring)
Stlth  ++........               (no ring)
                                (no ring)
                                (no ring)
                                (no ring)

@: mighty, not resistant to hostile enchantments, unstealthy
A: almost no armour, amphibious, 8 rings, constrict 8, iridescent scales 1,
camouflage 1, frail 1, gelatinous body 1
a: Renounce Religion, Evoke Flight


You were on level 9 of the Dungeon.
You worshipped Dithmenos.
Dithmenos was noncommittal.
You were not hungry.

You visited 2 branches of the dungeon, and saw 10 of its levels.

You collected 568 gold pieces.
You spent 360 gold pieces at shops.

Inventory:

Hand Weapons
 x - a +2 scimitar of electrocution (weapon)
Missiles
 f - 26 poisoned needles
 u - 7 tomahawks (quivered)
Armour
 b - a +1 shield (worn)
Magical Staves
 F - an uncursed staff of cold
Jewellery
 a - an uncursed amulet of stasis
 j - a ring of flight (right tentacle)
 l - a ring of protection from cold (on tentacle)
 r - a +3 ring of evasion (left tentacle)
Wands
 e - a wand of lightning (12)
 D - a wand of cold (11)
 G - a wand of slowing (18)
Scrolls
 c - 2 scrolls of fear
 h - 2 scrolls of enchant weapon
 i - 3 scrolls of blinking
 t - 2 scrolls of amnesia
 v - a scroll of fog
 w - 2 scrolls of teleportation
 y - a scroll of remove curse
Potions
 k - a potion of magic
 n - 3 potions of haste {unknown}
 o - a potion of agility
 p - 3 potions of curing
 s - a potion of mutation {unknown}
 z - a potion of might
 B - a potion of poison {unknown}
Books
 A - a book of Death

   Spells                             Type                      Level
   a - Corpse Rot                     Necromancy                   2
   b - Sublimation of Blood           Necromancy                   2
   c - Agony                          Necromancy                   5
   d - Dispel Undead                  Necromancy                   5
   e - Excruciating Wounds            Charms/Necromancy            5
   f - Bolt of Draining               Conjuration/Necromancy       5
Miscellaneous
 C - a box of beasts {used: 1}
Comestibles
 d - 10 bread rations
 g - 11 slices of pizza
 m - 3 meat rations
 q - 4 fruits
 E - 5 chunks of flesh


   Skills:
 + Level 10.5 Fighting
 + Level 10.3 Long Blades
 - Level 3.0 Dodging
 - Level 3.0 Shields


You had 9 spell levels left.
You didn't know any spells.

Dungeon Overview and Level Annotations

Branches:
Dungeon (9/15)             Temple (1/1) D:7
   Lair: D:8-11         Orc: D:9-12

Altars:
Ashenzari
Cheibriados
Dithmenos
Elyvilon
Fedhas
Gozag
Kikubaaqudgha
Makhleb
Nemelex Xobeh
Okawaru
Qazlal
Ru
Sif Muna
Trog
Xom
Yredelemnul
Zin
The Shining One

Shops:
D:4 *   D:7 }}


Innate Abilities, Weirdness & Mutations

You cannot wear most types of armour.
You are amphibious.
You can wear up to eight rings at the same time.
You can use your tentacles to constrict eight enemies at once.
Your skin changes colour to match your surroundings (Stealth).
Your rubbery body absorbs attacks (AC +1).
You are partially covered in iridescent scales (AC +4).
You are frail (-10% HP).


Message History

Dithmenos accepts your kill. You block the orc priest's attack.
You closely miss the orc wizard. You grab the orc wizard.
You squeeze the orc wizard, but do no damage.
You constrict the orc wizard.
The orc wizard points at you and mumbles some strange words.
The puff of flame hits you!
* * * LOW HITPOINT WARNING * * *
A hound comes into view.
The hound barks!
You slash the orc wizard!
The orc wizard is almost dead.
You constrict the orc wizard.
You kill the orc wizard!
Dithmenos accepts your kill.
Dithmenos appreciates your extinguishing a source of fire.
You block the orc priest's attack.
The orc priest calls down the wrath of Beogh upon you.
Something smites you!
You die...

##...###....#
#...........#
#..#=).).#..##
#.##.._..##..#
#..#.).).#...#
#####............# #+#
...###...###...#####...#
...###....#......#oh...#
...+...#.....###@)o#...#
...#####.........### o.#
#### ##.######## ...
#...##### ..( ###.....#
.o #####.# .
###########.##
#............# ##
#............#


You could see a hound and 2 orc priests.

Vanquished Creatures
  A two-headed ogre (D:9)
  Prince Ribbit (D:7)
  Sigmund (D:2)
  A spriggan (D:8)
  A hungry ghost (D:8)
  3 wargs (D:9)
  An ice beast (D:7)
  3 sky beasts
  2 centaurs
  2 ogres (D:5)
  3 giant frogs
  A gnoll sergeant (D:4)
  A scorpion (D:5)
  A water moccasin skeleton (D:8)
  9 wights
  3 crimson imps
  A giant frog zombie (D:7)
  5 orc wizards
  A centaur skeleton (D:8)
  Crazy Yiuf (D:4)
  An iguana (D:6)
  An orc priest (D:6)
  Ijyb (D:2)
  2 hounds
  3 worker ants
  A hound skeleton (D:4)
  Robin (D:2)
  5 adders
  3 gnolls (D:4)
  A shadow imp (D:6)
  4 worms
  An adder skeleton (D:4)
  4 giant geckos
  17 orcs
  A ball python (D:1)
  3 bats
  3 giant cockroaches (D:2)
  11 hobgoblins
  4 jackals (D:5)
  6 kobolds (D:2)
  4 quokkas
  4 giant newts
  14 goblins
  A jackal skeleton (D:7)
  A quokka skeleton (D:4)
  A quokka zombie (D:6)
  14 rats
154 creatures vanquished.

Vanquished Creatures (others)
  Erolcha (D:8)
  A giant gecko (D:5)
  A goblin (D:2)
3 creatures vanquished.

Grand Total: 157 creatures vanquished

Notes
Turn   | Place    | Note
--------------------------------------------------------------
     0 | D:1      | Ordine the Octopode Fighter began the quest for the Orb.
     0 | D:1      | Reached XP level 1. HP: 16/16 MP: 1/1
   103 | D:1      | Reached XP level 2. HP: 15/21 MP: 2/2
   592 | D:2      | Noticed Ijyb
   599 | D:2      | Killed Ijyb
   599 | D:2      | Reached XP level 3. HP: 8/27 MP: 3/3
   865 | D:2      | Reached skill level 4 in Fighting
   956 | D:2      | Reached XP level 4. HP: 33/33 MP: 4/4
  1024 | D:2      | Noticed Sigmund
  1046 | D:2      | Noticed Robin
  1081 | D:2      | Killed Robin
  1379 | D:2      | Killed Sigmund
  1379 | D:2      | Reached skill level 5 in Fighting
  1379 | D:2      | Reached XP level 5. HP: 3/39 MP: 5/5
  1379 | D:2      | Reached XP level 6. HP: 3/45 MP: 6/6
  2976 | D:2      | Found a snail-covered altar of Cheibriados.
  2976 | D:2      | Found a sacrificial altar of Ru.
  3223 | D:4      | Found a stormy altar of Qazlal.
  3338 | D:4      | Noticed Crazy Yiuf
  3343 | D:4      | Killed Crazy Yiuf
  3343 | D:4      | Reached skill level 5 in Long Blades
  3613 | D:4      | Reached XP level 7. HP: 21/51 MP: 7/7
  3843 | D:4      | Found Vipaetz's Elemental Accessories.
  4023 | D:5      | Entered Level 5 of the Dungeon
  4096 | D:5      | Reached skill level 6 in Fighting
  4962 | D:6      | Reached XP level 8. HP: 47/58 MP: 8/8
  4970 | D:6      | Reached skill level 7 in Fighting
  5263 | D:6      | Got a pitted tin ring
  5340 | D:6      | Identified the cursed ring "Somoh" {MR++ Str-6 Int-4} (You found it on level 6 of the Dungeon)
  5548 | D:6      | HP: 2/60 [something/magic dart (8)]
  5906 | D:6      | Found a shattered altar of Ashenzari.
  5906 | D:6      | Found a glowing silver altar of Zin.
  6648 | D:7      | Reached skill level 8 in Fighting
  6904 | D:7      | Reached XP level 9. HP: 65/67 MP: 9/9
  6927 | D:7      | Noticed Prince Ribbit
  6932 | D:7      | Killed Prince Ribbit
  6964 | D:7      | Found a staircase to the Ecumenical Temple.
  6974 | Temple   | Entered the Ecumenical Temple
  7171 | Temple   | Became a worshipper of Dithmenos the Shadowed
  7431 | D:7      | Found Ebiy's Gadget Emporium.
  7510 | D:7      | Found Luaw's Gadget Shop.
  7514 | D:7      | Bought a box of beasts for 240 gold pieces
  7514 | D:7      | Bought a wand of cold (1) for 120 gold pieces
  7700 | D:8      | Found a burning altar of Makhleb.
  7702 | D:8      | Reached skill level 9 in Fighting
  7795 | D:8      | Gained mutation: You are frail (-10% HP). [mutagenic meat]
  7796 | D:8      | Gained mutation: You are partially covered in iridescent scales (AC +4). [mutagenic meat]
  7811 | D:8      | Noticed Erolcha
  7818 | D:8      | Killed Erolcha
  8036 | D:8      | Reached skill level 10 in Fighting
  8226 | D:8      | Found a sacrificial altar of Ru.
  8438 | D:9      | Reached skill level 10 in Long Blades
  8438 | D:9      | Reached XP level 10. HP: 60/68 MP: 10/10
  8502 | D:9      | Found an iron altar of Okawaru.
  8560 | D:9      | HP: 1/69 [orc wizard/puff of frost (4)]
  8566 | D:9      | Killed from afar by an orc priest

Vault maps used:
D:1:      minmay_arrival_shattered_statue
D:2:      nicolae_overflow_hidden_temple, uniq_sigmund, uniq_robin, uniq_iyjb
D:3:      nrook_loot_triangle
D:4:      grunt_qazlal_sundering, nicolae_elemental_shop,
          uniq_crazy_yiuf_cottage
D:5:      first_bread
D:6:      amethyst_overflow_temple_binary
D:7:      temple_hall, serial_shops, shop, shop, uniq_prince_ribbit1
D:8:      basic_altar, serial_glass, glass_columns_a, glass_columns_a,
          grunt_pizzeria, abandoned_shop, nicolae_ru_the_path_less_chosen,
          uniq_erolcha
D:9:      grunt_temple_overflow_lords_of_destruction, erik_lair_orcish_takeover,
          spider_trap, okawaru_ov_weapons_minmay
Temple:   oiseaux_autumnal_temple_12

Action                   |  1- 3 |  4- 6 |  7- 9 | 10-12 || total
-------------------------+-------+-------+-------+-------++-------
Melee: Long sword        |    48 |   128 |    61 |       ||   237
       Scimitar          |       |       |   117 |    25 ||   142
Throw: Tomahawk          |       |     9 |    17 |     1 ||    27
Evoke: Wand              |       |       |     9 |       ||     9
       Box of beasts     |       |       |     1 |       ||     1
  Use: Scroll            |       |    13 |    12 |       ||    25
       Potion            |       |     6 |     3 |     2 ||    11
 Stab: Sleeping          |     6 |    11 |     4 |       ||    21
  Eat: Chunk             |       |     9 |    14 |     1 ||    24
       Fruit             |       |       |     2 |       ||     2
